 Dungeon Crawl Stone Soup version 0.32-a0-918-g0f22ef8d61 (webtiles) character file.

Game seed: 1830523911304348981

219 AdnanSaban the Covered (level 5, -8/33 HPs)
             Began as a Gargoyle Fighter on Apr 11, 2024.
             Killed by divine providence
             ... invoked by an orc priest
              (14 damage)
             ... on level 3 of the Dungeon.
             The game lasted 00:06:02 (3225 turns).

AdnanSaban the Covered (Gargoyle Fighter)           Turns: 3225, Time: 00:06:03

Health: -8/33      AC: 17    Str: 21    XL:     5   Next: 96%
Magic:  5/5        EV: 10    Int:  9    God:
Gold:   124        SH:  4    Dex:  9    Spells: 4/4 levels left

rFire   . . .        a - +0 flail
rCold   . . .        c - +0 buckler
rNeg    + . .        q - +0 plate armour
rPois   ∞            j - +0 helmet
rElec   +            (no cloak)
rCorr   +            (no gloves)
SInv    .            (no boots)
Will    .....        (no amulet) Stlth
                     h - +5 ring of evasion
HPRegen 0.25/turn    i - ring of resist corrosion
MPRegen 0.09/turn

%: no passive effects
@: no status effects
A: sickness immunity, AC +4, negative energy resistance 1, electricity
resistance, torment resistance 1, petrification resistance
a: Convert to Beogh


You were on level 3 of the Dungeon.
You visited 1 branch of the dungeon, and saw 4 of its levels.

You collected 124 gold pieces.

Inventory:

Hand Weapons
 a - a +0 flail (weapon)
Missiles
 b - 5 poisoned darts (quivered)
Armour
 c - a +0 buckler (worn)
 j - a +0 helmet (worn)
 q - a +0 plate armour (worn)
Jewellery
 h - a +5 ring of evasion (left hand)
 i - a ring of resist corrosion (right hand)
 p - a ring of see invisible
Wands
 r - a wand of mindburst (14)
Scrolls
 f - 6 scrolls of identify {unknown}
 k - a scroll of blinking {unknown}
 l - a scroll of fear {unknown}
 m - a scroll of revelation {unknown}
 o - a scroll of teleportation {unknown}
Potions
 d - a potion of might
 e - a potion of enlightenment {unknown}
 g - 2 potions of curing {unknown}
 n - 2 potions of berserk rage {unknown}
 s - 3 potions of attraction {unknown}


   Skills:
 + Level 4.1 Fighting
 + Level 4.3 Maces & Flails
 + Level 4.3 Armour
 + Level 0.6 Dodging
 + Level 1.0 Stealth
 + Level 3.7 Shields


You had 4 spell levels left.
You didn't know any spells.
Your spell library was empty.

Dungeon Overview and Level Annotations

Branches:
Dungeon (4/15)
 Temple: D:4-7

Altars:
Hepliaklqana
Sif Muna
Wu Jian


Innate Abilities, Weirdness & Mutations

You are immune to sickness and miasma.
Your stone body is resilient. (AC +4)
You are immune to poison.
You resist negative energy. (rN+)
You are resistant to electric shocks. (rElec)
You are resistant to unholy torment.
You are immune to petrification.


Message History

You climb downwards.
There is a stone staircase leading up here.
The orc priest shouts!
There is a stone staircase leading up here.
The orc priest barely misses you.
There is a stone staircase leading up here.
You climb upwards.
There is a stone staircase leading down here.
You hit the orc priest but do no damage.
You block the orc priest's attack.
You closely miss the orc priest. You block the orc priest's attack.
The orc priest barely misses you.
You closely miss the orc priest. The orc priest closely misses you.
You completely miss the orc priest.
The orc priest hits you but does no damage.
You barely miss the orc priest. The orc priest hits you with a +0 club.
You hit the orc priest but do no damage.
The orc priest hits you but does no damage.
The orc priest miscasts a cantrip.
You closely miss the orc priest. The orc priest barely misses you.
You hit the orc priest but do no damage.
The orc priest hits you but does no damage.
You hit the orc priest but do no damage.
The orc priest closely misses you.
You hit the orc priest but do no damage.
The orc priest calls down the wrath of Beogh upon you.
Beogh smites you!
The orc priest invokes the aid of Beogh against you.
Beogh smites you!
* * * LOW HITPOINT WARNING * * *
The orc priest shouts, "The Pantheon deserves no one's loyalty.
Let us show you the true path!" (press Y on the ability menu to convert to Beogh)
You barely miss the orc priest.
The orc priest begins to cast a cantrip, but forgets the words!
You hit the orc priest but do no damage.
The orc priest barely misses you.
You barely miss the orc priest.
The orc priest mumbles some strange prayers to Beogh against you.
Beogh smites you!
You die...

.#...........###........#
#...... .#....########
#........# #.##### .#.#...##
#........# #.# .#.#.#..#####
#.####...# #.#
.#.#.##.....####.###..#####.####
.#.#.######......##............#
.#.#.# #......##............#
.#.#.######.....o##............#
.#.#............@.......###.####
.#.#.#####..............#
#.##### ...#..# #.####.........#
#.....# .#....# #.# #.........#
####.## .#....####.# #.........#
#.# .#.#.......# #......(..# #.#
...#.####### #.........# #.##
...#.# #.........# #... ##.#.#
#.........# ####


You could see an orc priest.

Vanquished Creatures
  A gnoll sergeant (D:3)
  6 gnolls (D:3)
  3 adders
  2 ribbon worms (D:2)
  A dart slug (D:2)
  2 orcs
  11 endoplasms
  4 giant cockroaches
  3 goblins
  2 hobgoblins
  2 jackals (D:2)
  6 kobolds
  2 quokkas
  7 ball pythons
  6 bats
  3 frilled lizards
  7 rats
68 creatures vanquished.

Notes
Turn   | Place    | Note
-------+----------+-------------------------------------------
     0 | D:1      | AdnanSaban the Gargoyle Fighter began the quest for the
                  | Orb.
     0 | D:1      | Reached XP level 1. HP: 14/14 MP: 1/1
   432 | D:1      | Reached XP level 2. HP: 19/19 MP: 2/2
  1026 | D:2      | Reached XP level 3. HP: 18/24 MP: 3/3
  1711 | D:2      | Reached XP level 4. HP: 23/29 MP: 4/4
  2416 | D:3      | Found an ornate altar of the Wu Jian Council.
  2416 | D:3      | Found a faded altar of an unknown god.
  2422 | D:3      | Found a faded altar of an unknown god.
  2424 | D:3      | Found a shimmering blue altar of Sif Muna.
  2426 | D:3      | Found a hazy altar of Hepliaklqana.
  2539 | D:3      | Reached skill level 1 in Stealth
  2649 | D:3      | Noticed a gnoll sergeant
  2677 | D:3      | Reached XP level 5. HP: 25/33 MP: 5/5
  3131 | D:4      | Noticed an orc warrior
  3225 | D:3      | Killed from afar by an orc priest

Illustrated notes

Levels and vault maps discovered:
D:1:      arrival_zaba_pyramid, layout_basic, chequers_decorated_corner,
          grunt_decor_fettered
D:2:      minmay_skewed_foursquare, layout_loops_cross, grunt_decor_clamped,
          hangedman_decor_slide_cut
D:3:      layout_basic, chequers_temple_overflow_minitemple,
          pf_guarded_unrand_woodcutter
D:4:      layout_loops_ring, mainiacjoe_overflow_brackets, st_stairs_4

Skill      XL: |  1  2  3  4  5 |
---------------+----------------+-----
Armour         | 4 |  4.3
Maces & Flails | 3 4 |  4.3
Stealth        | 1 |  1.0
Fighting       | 4 |  4.1
Dodging        | |  0.6
Shields        | |  3.7

Action                     |  1- 3 |  4- 6 || total
---------------------------+-------+-------++-------
  Melee: Flail             |   124 |   147 ||   271
 Armour: Scale mail        |    94 |     5 ||    99
         Plate armour      |       |    96 ||    96
  Dodge: Dodged            |    83 |    83 ||   166
  Block: Buckler           |    28 |    35 ||    63

Table legend: (Time is in decaauts)
 A = Elapsed time spent in this place.
 B = Non-inter-level travel time spent in this place.
 C = Inter-level travel time spent in this place.
 D = Time resting spent in this place.
 E = Time spent auto-exploring this place.
 F = Levels seen in this place.
 G = Mean time per level.
                   A        B        C        D        E       F      G
               +--------+--------+--------+--------+--------+-----+--------+
         Total |   3301 |   3148 |    153 |     25 |   2368 |   4 |  825.2 |
       Dungeon |   3301 |   3148 |    153 |     25 |   2368 |   4 |  825.2 |
               +--------+--------+--------+--------+--------+-----+--------+

Top non-repeatable levels by time:
     D:3: 1082 daAuts
     D:2: 1015 daAuts
     D:1: 935 daAuts
     D:4: 268 daAuts
